 Dungeon Crawl Stone Soup version 0.19-a0-326-gcefc067 (webtiles) character file.

474 Sixotanaka the Carver (level 6, 0/39 HPs)
             Began as a High Elf Skald on May 28, 2016.
             Slain by a phantom (4 damage)
             ... on level 4 of the Dungeon.
             The game lasted 00:10:23 (5059 turns).

Sixotanaka the Carver (High Elf Skald)              Turns: 5059, Time: 00:10:23

Health: 0/39       AC:  4    Str: 11      XL:     6   Next: 84%
Magic:  3/10       EV: 11    Int: 17 (18) God:
Gold:   147        SH:  0    Dex: 15 (17) Spells: 3 memorised, 3 levels left

rFire  . . .     SeeInvis .     a - +0 falchion
rCold  . . .     Gourm    .     b - +0 leather armour
rNeg   . . .     Faith    .     (no shield)
rPois  +         Spirit   .     (no helmet)
rElec  .         Dismiss  .     (no cloak)
rCorr  +         Reflect  .     (no gloves)
SustAt .         Harm     .     m - +0 pair of boots
MR     .....                    (no amulet)
Stlth  +.........               p - +2 ring of intelligence
                                f - ring of resist corrosion

@: very slightly contaminated, not resistant to hostile enchantments, very
unstealthy
A: agile 1, poison resistance, weak 1
a: no special abilities


You were on level 4 of the Dungeon.
You were very hungry.

You visited 1 branch of the dungeon, and saw 4 of its levels.
You also visited: Sewer.

You collected 147 gold pieces.


Innate Abilities, Weirdness & Mutations

You are agile. (Dex +2)
Your system is resistant to poisons. (rPois)
You are weak. (Str -2)


   Skills:
 - Level 2.0 Fighting
 + Level 9.0 Long Blades
 - Level 0.8 Armour
 - Level 1.1 Dodging
 - Level 2.4 Spellcasting
 - Level 3.6 Charms


You had 3 spell levels left.
You knew the following spells:

 Your Spells              Type           Power        Failure   Level  Hunger
a - Shroud of Golubria    Chrm/Tloc      #.........   21%         2    ##.....
c - Spectral Weapon       Hex/Chrm       #.......     38%         3    ###....
z - Infusion              Chrm           ##..         8%          1    #......


Dungeon Overview and Level Annotations

Branches:
Dungeon (4/15)
 Temple: D:4-7

Altars:
Zin

Inventory:

Hand Weapons
 a - a +0 falchion (weapon)
Armour
 b - a +0 leather armour (worn)
 m - a +0 pair of boots (worn)
 v - a troll hide {Purgy}
Jewellery
 f - a ring of resist corrosion (left hand)
 p - a +2 ring of intelligence (right hand)
Scrolls
 j - 2 scrolls of remove curse {@r2}
Books
 c - a book of Battle
Comestibles
 d - 3 bread rations
 r - a slice of pizza

#.........#.... #
#...o...oo# .
########.## #
######o# #.#
####..Wo..# ...
#...o###### ..##
#....oo# .[..
#....#o# ###.#
#W...#@# ...#
######W# #...
#.#############.#.
#........)........
####...########.#.
#...# ######.
#...# #......
#...# #.#####
#######...# #


You could see a phantom, 2 orc wizards and 2 orcs.


Message History

You swap places.
The hound skeleton closely misses you.
You barely miss the hound skeleton.
Your spectral weapon hits the hound skeleton.
The hound skeleton bites you.
You hit the hound skeleton.
Your spectral weapon completely misses the hound skeleton.
The hound skeleton barely misses you.
You hit the hound skeleton.
Your spectral weapon barely misses the hound skeleton.
The hound skeleton bites you.
You hit the hound skeleton.
Your spectral weapon hits the hound skeleton!
You destroy the hound skeleton!
Your Long Blades skill increases to level 9!
You feel your strength returning.
A kobold comes into view. It is wielding a short sword.
An orc comes into view. It is wielding a short sword.
The orc shouts!
A phantom comes into view.
The kobold closely misses you.
You hit the kobold.
You kill the kobold!
An orc comes into view. It is wielding a hand axe.
An orc wizard comes into view. It is wielding a dagger of distortion.
The orc wizard shouts!
An orc comes into view. It is wielding a club.
You barely miss the orc.
Your spectral weapon fades away.
The orc wizard gestures wildly while chanting.
The orc wizard blinks!
An orc wizard comes into view. It is wielding a dagger.
Casting: Spectral Weapon You miscast Spectral Weapon.
Your skin glows momentarily.
You hit the phantom.
The phantom hits you but does no damage.
Welcome back, Sixotanaka the High Elf Skald.
You hit the phantom. You barely miss the phantom. The phantom hits you!
The phantom blinks!
You hit the orc but do no damage. The orc closely misses you.
You completely miss the orc. The orc hits you with a hand axe.
You hit the orc. You hit the orc but do no damage.
The orc wizard mumbles some strange words.
The orc wizard blinks!
Unknown command.
You hit the orc but do no damage. The orc completely misses you.
The phantom blinks!
You hit the orc.
The orc wizard mumbles some strange words.
The orc wizard blinks!
The orc hits you with a hand axe.
* * * LOW HITPOINT WARNING * * *
You hit the orc.
You kill the orc!
You hit the orc but do no damage. The orc hits you with a short sword.
* * * LOW HITPOINT WARNING * * *
You barely miss the phantom. The phantom misses you.
You hit the phantom. The orc hits you with a short sword!
* * * LOW HITPOINT WARNING * * *
The phantom closely misses you.
You hit the phantom but do no damage. You barely miss the phantom.
The phantom closely misses you.
The orc wizard shouts!
You hit the phantom. The phantom hits you.
* * * LOW HITPOINT WARNING * * *
The orc wizard hits you but does no damage.
Space bends around you.
* * * LOW HITPOINT WARNING * * *
Unknown command.
You hit the phantom but do no damage. The phantom hits you.
You die...

Action                   |  1- 3 |  4- 6 || total
-------------------------+-------+-------++-------
Melee: Falchion          |   116 |   174 ||   290
 Cast: Infusion          |    10 |     5 ||    15
       Shroud of Golubri |     5 |     3 ||     8
       Spectral Weapon   |       |     9 ||     9
  Use: Potion            |       |     7 ||     7
       Scroll            |       |     6 ||     6
 Stab: Sleeping          |     1 |       ||     1
       Distracted        |       |     1 ||     1
  Eat: Chunk             |     7 |     7 ||    14
Armor: Leather armour    |    30 |    23 ||    53
       Skin              |       |    12 ||    12
Dodge: Dodged            |    74 |    78 ||   152

Vault maps used:
D:1:      kilobyte_arrival_exit_the_forest
D:2:      zin_scriptorium
D:3:      lemuel_another_geyser
D:4:      kennysheep_kobold_camp, gammafunk_pakellas_spire_experiment,
          portal_sewer_entry_b, uniq_natasha
Sewer:    kennysheep_door_sewer

Notes
Turn   | Place    | Note
--------------------------------------------------------------
     0 | D:1      | Sixotanaka the High Elf Skald began the quest for the Orb.
     0 | D:1      | Reached XP level 1. HP: 14/14 MP: 4/4
   267 | D:1      | Reached skill level 3 in Long Blades
   515 | D:1      | Reached XP level 2. HP: 19/19 MP: 6/6
   522 | D:1      | Learned a level 2 spell: Shroud of Golubria
  1274 | D:2      | Reached skill level 4 in Long Blades
  1472 | D:2      | Reached XP level 3. HP: 13/24 MP: 0/7
  2578 | D:2      | Reached skill level 5 in Long Blades
  2692 | D:2      | Found a glowing silver altar of Zin.
  2930 | D:3      | Reached XP level 4. HP: 28/29 MP: 8/8
  3598 | D:3      | Reached skill level 6 in Long Blades
  3685 | D:4      | Noticed an ogre
  3745 | D:3      | Learned a level 3 spell: Spectral Weapon
  3829 | D:4      | Reached XP level 5. HP: 26/34 MP: 1/9
  3939 | D:4      | Found a glowing drain.
  3963 | Sewer    | Entered a sewer
  4245 | Sewer    | Noticed Purgy
  4254 | Sewer    | Killed Purgy
  4254 | Sewer    | Reached skill level 7 in Long Blades
  4254 | Sewer    | Reached XP level 6. HP: 25/39 MP: 1/10
  4499 | D:4      | Noticed Natasha
  4516 | D:4      | Killed Natasha
  4516 | D:4      | Reached skill level 8 in Long Blades
  4555 | D:4      | HP: 9/39 [orc wizard/dagger (2)]
  4563 | D:4      | HP: 8/39 [worker ant (3)]
  4570 | D:4      | HP: 14/58 [orc wizard/dagger (2)]
  4572 | D:4      | Gained mutation: You are agile. (Dex +2) [potion of mutation]
  4572 | D:4      | Gained mutation: You are weak. (Str -2) [potion of mutation]
  4572 | D:4      | Gained mutation: Your system is resistant to poisons. (rPois) [potion of mutation]
  4573 | D:4      | HP: 6/58 [poisoned by a worker ant]
  4598 | D:4      | Noticed Natasha
  4628 | D:4      | Killed Natasha
  4630 | D:4      | HP: 7/39 [gnoll (7)]
  5022 | D:4      | Reached skill level 9 in Long Blades
  5058 | D:4      | HP: 7/39 [phantom (4)]
  5059 | D:4      | Slain by a phantom

Vanquished Creatures
  Purgy (Sewer)
  A hound (D:4)
  An orc priest (D:4)
  3 orc wizards (D:4)
  Natasha (twice) (D:4)
  A worker ant (D:4)
  A hound skeleton (D:4)
  3 gnolls
  4 adders
  A river rat (D:4)
  An ooze (D:2)
  2 worms
  6 orcs (D:4)
  7 giant cockroaches
  8 hobgoblins
  8 jackals
  4 ball pythons
  4 bats
  A giant newt (D:1)
  4 goblins (D:2)
  11 kobolds
  8 rats
82 creatures vanquished.

Vanquished Creatures (others)
  An orc wizard (D:4)
  2 plants (D:4)
  A spectral weapon (D:4)
4 creatures vanquished.

Grand Total: 86 creatures vanquished
